 Dungeon Crawl Stone Soup version 0.27-a0-1525-g1038ab4 (webtiles) character file.

Game seed: 14813491723223711872

144 Think the Cutter (level 5, -7/36 HPs)
             Began as an Octopode Fighter on July 10, 2021.
             Was a Follower of Zin.
             Mangled by an ogre (20 damage)
             ... on level 4 of the Dungeon.
             The game lasted 00:04:25 (2986 turns).

Think the Cutter (Octopode Fighter)                 Turns: 2986, Time: 00:04:26

Health: -7/36      AC:  1    Str: 16    XL:     5   Next: 27%
Magic:  5/5        EV: 11    Int: 10    God:    Zin [*.....]
Gold:   116        SH:  8    Dex: 12    Spells: 4/4 levels left

rFire    . . .     SeeInvis .   a - +0 rapier
rCold    . . .     Faith    .   b - +0 kite shield
rNeg     . . .     Spirit   .   (helmet restricted)
rPois    .         Reflect  .   (no amulet)
rElec    .         Harm     .   (no ring)
rCorr    .         Rampage  .   (no ring)
Will     .....                  (no ring)
Stlth    ++........             (no ring)
HPRegen  0.12/turn              (no ring)
MPRegen  0.09/turn              (no ring)
                                (no ring)
                                (no ring)

@: on recite cooldown
A: almost no armour, amphibious, 8 rings, camouflage 1, gelatinous body 1,
(nimble swimmer 1), tentacles
a: Renounce Religion, Recite, Donate Gold


You were on level 4 of the Dungeon.
You worshipped Zin.
Zin was aware of your devotion.
You visited 1 branch of the dungeon, and saw 4 of its levels.

You collected 128 gold pieces.
You donated 12 gold pieces to Zin.

Inventory:

Hand Weapons
 a - a +0 rapier (weapon)
Armour
 b - a +0 kite shield (worn)
Scrolls
 d - a scroll of immolation {unknown}
 e - a scroll of blinking {unknown}
 f - 4 scrolls of teleportation {unknown}
 h - a scroll of amnesia {unknown}
 i - 4 scrolls of silence {unknown}
 k - a scroll of fear {unknown}
 l - a scroll of brand weapon {unknown}
Potions
 c - a potion of resistance {unknown}
 g - a potion of heal wounds {unknown}
 j - a potion of flight {unknown}
 m - a potion of might


   Skills:
 - Level 3.0 Fighting
 + Level 5.3 Short Blades
 - Level 3.0 Dodging
 - Level 3.0 Shields


You had 4 spell levels left.
You didn't know any spells.
Your spell library contained the following spells:

 Spells                   Type           Power      Damage    Failure   Level
 Ozocubu's Armour         Ice            0%         N/A       99%         3
 Metabolic Englaciation   Hex/Ice        0%         N/A       100%        5
 Simulacrum               Ice/Necr       0%         N/A       100%        6


Dungeon Overview and Level Annotations

Branches:
Dungeon (4/15)
 Temple: D:4-7

Altars:
Ashenzari
Dithmenos
Makhleb
Wu Jian
Yredelemnul
Zin


Innate Abilities, Weirdness & Mutations

You cannot wear most types of armour.
You are amphibious.
You can wear up to eight rings at the same time.
Your skin changes colour to match your surroundings (Stealth+).
Your rubbery body absorbs attacks. (AC +1, EV +1)
((You are camouflaged near water. (Stealth+)))
You have tentacles for arms and can constrict up to eight enemies at once.


Message History

You kill the ball python!
No target in view!
Found a stone staircase leading down.
You pay a tithe of 1 gold.
You now have 116 gold pieces (gained 10).
Makhleb rains destruction down upon you!
The zap hits you.
A kobold comes into view. It is wielding a +0 short sword.
A kobold is nearby!
No target in view!
No target in view!
A kobold is nearby!
A kobold is nearby!
An ogre comes into view. It is wielding a +0 giant club.
You barely miss the kobold. You grab the kobold. You constrict the kobold.
You block the kobold's attack.
The ogre hits you with a +0 giant club!!
Ouch! That really hurt!
You are too injured to fight recklessly!
You are too injured to fight recklessly!
You clear your throat and prepare to recite. "Yea, I say unto thee, bring forth..."
You constrict the kobold.
You kill the kobold!
A necrophage comes into view.
You barely miss the ogre. "...the fetid masses that they may know..."
You block the ogre's attack.
You barely miss the ogre. "...the wrath of Zin, and thus be censured!"
You finish reciting Abominations 10:4.
You block the ogre's attack.
You hit the ogre but do no damage. You block the ogre's attack.
You closely miss the ogre. You block the ogre's attack.
You hit the ogre but do no damage. The ogre barely misses you.
You hit the ogre. You squeeze the ogre.
The ogre is lightly wounded.
The ogre hits you with a +0 giant club!!
Ouch! That really hurt!
You die...

#.##....# #.#
........###.#
........#...#
.....<..#.#<#
..........#.#
##..........#
#.####..####.#
#......n.....#
#######@O######.#
##........#
#...###### #...#
#...# ##..# #.>#
####


You could see an ogre and a necrophage.

Vanquished Creatures
  A howler monkey (D:4)
  Jessica (D:3)
  2 adders
  A worm (D:2)
  5 endoplasms
  4 giant cockroaches
  5 goblins
  5 hobgoblins
  5 jackals
  A quokka (D:3)
  9 ball pythons
  7 bats
  A frilled lizard (D:3)
  6 kobolds
  3 rats
56 creatures vanquished.

Notes
Turn   | Place    | Note
-------+----------+-------------------------------------------
     0 | D:1      | Think the Octopode Fighter began the quest for the Orb.
     0 | D:1      | Reached XP level 1. HP: 16/16 MP: 1/1
   322 | D:1      | Reached XP level 2. HP: 21/21 MP: 2/2
   429 | D:1      | Reached skill level 3 in Short Blades
   744 | D:1      | Reached XP level 3. HP: 25/26 MP: 3/3
   815 | D:2      | Found a broken altar of Ashenzari.
  1257 | D:2      | Found a faded altar of an unknown god.
  1292 | D:2      | Became a worshipper of Makhleb the Destroyer
  1292 | D:2      | Reached * piety under Makhleb
  1418 | D:2      | Reached skill level 4 in Short Blades
  1963 | D:3      | Noticed Jessica
  1966 | D:3      | Reached XP level 4. HP: 24/31 MP: 4/4
  2081 | D:3      | Killed Jessica
  2324 | D:3      | Found a shadowy altar of Dithmenos.
  2325 | D:3      | Found an ornate altar of the Wu Jian Council.
  2360 | D:3      | Found a glowing silver altar of Zin.
  2399 | D:3      | Found a basalt altar of Yredelemnul.
  2517 | D:3      | Fell from the grace of Makhleb
  2517 | D:3      | Became a worshipper of Zin the Law-Giver
  2517 | D:3      | Reached * piety under Zin
  2951 | D:4      | Reached skill level 5 in Short Blades
  2951 | D:4      | Reached XP level 5. HP: 35/36 MP: 5/5
  2978 | D:4      | Noticed an ogre
  2980 | D:4      | Noticed a necrophage
  2986 | D:4      | Mangled by an ogre

Illustrated notes

Levels and vault maps discovered:
D:1:      mrwooster_arrival_statue_2, layout_basic
D:2:      layout_loops_cross, basic_altar, chequers_ecumenical_altar_simple
D:3:      layout_loops_cross, grunt_temple_overflow_open,
          mainiacjoe_overflow_alcove_2, uniq_jessica
D:4:      layout_basic, trog_antimagical, minmay_temple_entry_statues,
          amcnicky_mini_pool_small

Skill      XL: |  1  2  3  4 |
---------------+-------------+-----
Short Blades   | 3 4 5 |  5.3
Fighting       | |  3.0
Dodging        | |  3.0
Shields        | |  3.0

Action                   |  1- 3 |  4- 6 || total
-------------------------+-------+-------++-------
Melee: Rapier            |    76 |    29 ||   105
       Tentacles         |     8 |     3 ||    11
       Constrict         |    15 |     8 ||    23
Invok: Recite            |       |     1 ||     1
  Use: Potion            |     1 |     1 ||     2
 Stab: Sleeping          |     4 |     2 ||     6
Armor: Skin              |     9 |     2 ||    11
Dodge: Dodged            |    28 |    10 ||    38
Block: Kite shield       |    34 |     9 ||    43

Table legend: (Time is in decaauts)
 A = Elapsed time spent in this place.
 B = Non-inter-level travel time spent in this place.
 C = Inter-level travel time spent in this place.
 D = Time resting spent in this place.
 E = Time spent auto-exploring this place.
 F = Levels seen in this place.
 G = Mean time per level.
                   A        B        C        D        E       F      G
               +--------+--------+--------+--------+--------+-----+--------+
         Total |   3011 |   2975 |     36 |    737 |   1894 |   4 |  752.8 |
       Dungeon |   3011 |   2975 |     36 |    737 |   1894 |   4 |  752.8 |
               +--------+--------+--------+--------+--------+-----+--------+

Top non-repeatable levels by time:
     D:3: 1117 daAuts
     D:2: 1055 daAuts
     D:1: 793 daAuts
     D:4: 45 daAuts
